 Dungeon Crawl Stone Soup version 0.19.1-1-g22dce08 (webtiles) character file.

226 Jynx the Conjurer (level 5, -1/28 HPs)
             Began as a Deep Elf Conjurer on Jan 7, 2017.
             Slain by an iguana (12 damage)
             ... on level 4 of the Dungeon.
             The game lasted 00:05:10 (2531 turns).

Jynx the Conjurer (Deep Elf Conjurer)               Turns: 2531, Time: 00:05:11

Health: -1/28      AC:  3    Str:  8    XL:     5   Next: 69%
Magic:  8/14       EV: 13    Int: 24    God:
Gold:   114        SH:  0    Dex: 15    Spells: 1 memorised, 13 levels left

rFire  . . .     SeeInvis .     i - +3 dagger (venom)
rCold  . . .     Gourm    .     a - +0 robe
rNeg   . . .     Faith    .     (no shield)
rPois  .         Spirit   .     (no helmet)
rElec  .         Reflect  .     d - +0 cloak
rCorr  .         Harm     .     (no gloves)
MR     .....                    (no boots)
Stlth  ++........               (no amulet)
                                k - +3 ring of strength
                                g - +3 ring of intelligence

@: no status effects
A: no striking features
a: no special abilities


You were on level 4 of the Dungeon.
You were hungry.

You visited 1 branch of the dungeon, and saw 4 of its levels.

You collected 114 gold pieces.

Inventory:

Hand Weapons
 i - a +3 dagger of venom (weapon)
Armour
 a - a +0 robe (worn)
 d - a +0 cloak (worn)
Jewellery
 g - a +3 ring of intelligence (left hand)
 k - a +3 ring of strength (right hand)
Scrolls
 f - 2 scrolls of enchant weapon
 o - 2 scrolls of teleportation
 p - a scroll of noise {unknown}
 r - a scroll of fog {unknown}
 s - a scroll of immolation {unknown}
Potions
 e - a potion of heal wounds
 h - a potion of haste
 j - a potion of cure mutation {unknown}
 l - a potion of cancellation {unknown}
 m - a potion of might {unknown}
 n - 2 potions of invisibility {unknown}
 q - a potion of agility {unknown}
Books
 b - a book of Conjurations

   Spells                             Type                      Level
   a - Magic Dart                     Conjuration                  1
   b - Searing Ray                    Conjuration                  2
   c - Dazzling Spray                 Conjuration/Hexes            3
   d - Fulminant Prism                Conjuration/Hexes            4
   e - Iskenderun's Mystic Blast      Conjuration                  4
   f - Iskenderun's Battlesphere      Conjuration/Charms           5
Comestibles
 c - 3 bread rations


   Skills:
 - Level 2.4 Dodging
 - Level 2.4 Stealth
 + Level 5.2 Spellcasting
 * Level 6.8 Conjurations


You had 13 spell levels left.
You knew the following spells:

 Your Spells              Type           Power        Failure   Level  Hunger
a - Magic Dart            Conj           ####         1%          1    None


Dungeon Overview and Level Annotations

Branches:
Dungeon (4/15)
 Temple: D:4-7

Altars:
Uskayaw
Yredelemnul
Zin
The Shining One

Annotations:
D:3 1 runed door, monokles's ghost, amateur DsMo


Message History

The magic dart hits the iguana.
The iguana is heavily wounded.
The iguana bites you.
Casting: Magic Dart
Confirm with . or Enter, or press ? or * to list all spells.
Aiming: Magic Dart
Press: ? - help, Shift-Dir - straight line, f/p - iguana
Aim: an iguana (heavily wounded)
The magic dart hits the iguana.
The iguana is heavily wounded.
The iguana bites you!
Casting: Magic Dart
Confirm with . or Enter, or press ? or * to list all spells.
Aiming: Magic Dart
Press: ? - help, Shift-Dir - straight line, f/p - iguana
Aim: an iguana (heavily wounded)
The magic dart hits the iguana.
The iguana is heavily wounded.
The iguana bites you!
You die...

##............##
...........#### ...#
##........## ...#
##........##### ...#
..#####.......# ...# ..#
#.#.###.###...####
..#####.#...............
.....##.#...............
..#...#.#.......@..?....
...#.......##.###l..####
..#...#.......# ...#
####.########## .>.#
####.# ...# .....# ...#
###### .... # ...## #


You could see an iguana.

Vanquished Creatures
  The ghost of McKennaii the Gusty, an amateur HEAE (D:4)
  5 adders
  2 oozes
  A worm (D:2)
  3 leopard geckos (D:1)
  2 orcs
  2 ball pythons
  7 goblins
  3 hobgoblins
  3 jackals (D:1)
  5 kobolds
  A quokka (D:3)
  10 bats
  4 frilled lizards
  5 rats
  A spectral orc (D:3)
55 creatures vanquished.

Notes
Turn   | Place    | Note
-------+----------+-------------------------------------------
     0 | D:1      | Jynx the Deep Elf Conjurer began the quest for the Orb.
     0 | D:1      | Reached XP level 1. HP: 10/10 MP: 6/6
   190 | D:1      | Reached XP level 2. HP: 15/15 MP: 4/8
   422 | D:1      | Reached skill level 5 in Conjurations
   638 | D:1      | Reached XP level 3. HP: 19/19 MP: 6/10
  1174 | D:2      | Found a glowing silver altar of Zin.
  1176 | D:2      | Found a hide-covered altar of Uskayaw.
  1679 | D:2      | Reached XP level 4. HP: 24/24 MP: 9/12
  1977 | D:3      | Found a glowing golden altar of the Shining One.
  1977 | D:3      | Noticed an angel
  1978 | D:3      | Found a runed door.
  2036 | D:3      | Found a basalt altar of Yredelemnul.
  2134 | D:3      | Reached skill level 6 in Conjurations
  2238 | D:3      | Noticed monokles's ghost (amateur DsMo)
  2319 | D:4      | Noticed McKennaii's ghost (amateur HEAE)
  2330 | D:4      | Killed McKennaii's ghost
  2330 | D:4      | Reached skill level 5 in Spellcasting
  2330 | D:4      | Reached XP level 5. HP: 16/28 MP: 2/14
  2531 | D:4      | Slain by an iguana

Skill      XL: |  1  2  3  4 |
---------------+-------------+-----
Conjurations   | 5 6 |  6.8
Spellcasting   | 4 5 |  5.2
Dodging        | |  2.4
Stealth        | |  2.4

Action                   |  1- 3 |  4- 6 || total
-------------------------+-------+-------++-------
Melee: Unarmed           |     8 |       ||     8
 Cast: Magic Dart        |    75 |    49 ||   124
  Use: Scroll            |     5 |     2 ||     7
  Eat: Chunk             |     1 |     3 ||     4
Armor: Robe              |     4 |     2 ||     6
Dodge: Dodged            |     8 |    24 ||    32
